Map: Sequencer LE

Players

Elazer

  • Race: Zerg Zerg
  • Spawn Location: 1:00

TRUE - Winner!

  • Race: Zerg Zerg
  • Spawn Location: 7:00

Event: WCS Valencia 2017

VOD

Have the link to the VOD?

Description

Time

  • Played on: July 15, 2017, 10:56 a.m.
  • Length: 8:36

All games in this series

Show
View Real Time Build Order
Export as new Build Order

Elazer Zerg 

Build Orders: Hatch First 

Get SALT Encoding   

  12  0:00  Drone  
  13  0:12  Overlord  
  13  0:17  Drone  
  14  0:30  Drone  
  14  0:31  Drone  
  14  0:34  Drone  
  17  0:52  Hatchery  
  17  0:54  Drone  
  17  0:57  Drone  
  18  1:08  Extractor  
  17  1:13  Spawning Pool  
  17  1:15  Drone  
  17  1:19  Drone  
  18  1:27  Drone  
  19  1:38  Overlord  
  19  1:50  Drone  
  20  1:59  Queen  
  20  2:00  Zergling x2  
  23  2:03  Queen  
  23  2:08  Metabolic Boost  
  25  2:09  Drone  
  25  2:10  Drone  
  27  2:18  Drone  
  27  2:21  Drone  
  29  2:27  Drone  
  30  2:38  Hatchery  
  30  2:39  Drone  
  30  2:43  Zergling x2  
  31  2:47  Baneling Nest  
  31  2:48  Drone  
  31  2:52  Overlord  
  31  2:55  Drone  
  32  2:58  Drone  
  33  3:06  Drone  
  33  3:10  Drone x2  
  36  3:13  Drone x2  
  36  3:15  Zergling x2  
  36  3:17  Overlord  
  36  3:19  Drone  
  40  3:21  Drone  
  40  3:25  Drone  
  42  3:28  Drone  
  42  3:34  Overlord  
  42  3:38  Drone  
  43  3:41  Zergling x4  
  43  3:43  Queen  
  43  3:46  Drone  
  43  3:47  Drone  
  49  3:48  Extractor  
  49  3:51  Drone x2  
  49  3:52  Drone x2  
  52  3:56  Baneling x2  
  52  4:01  Roach Warren  
  51  4:05  Drone x2  
  51  4:06  Lair  
  51  4:08  Extractor  
  52  4:11  Drone x2  
  52  4:15  Zergling x2  
  52  4:16  Drone x3  
  57  4:18  Drone  
  57  4:21  Drone x2  
  60  4:24  Zergling x2  
  60  4:27  Overlord  
  60  4:28  Drone  
  54  4:31  Drone  
  54  4:33  Drone  
  54  4:39  Overlord  
  54  4:41  Drone  
  54  4:45  Zergling x2  
  56  4:46  Baneling x2  
  56  4:49  Zergling x4  
  57  4:56  Overlord  
  57  4:58  Extractor, Queen  
  58  5:02  Zergling x2  
  58  5:03  Zergling x8  
  58  5:04  Zergling x2  
  60  5:07  Baneling x2  
  60  5:10  Roach  
  60  5:12  Roach  
  62  5:16  Roach x2  
  62  5:20  Roach  
  66  5:31  Roach  
  66  5:32  Roach x3  
  70  5:39  Roach  
  70  5:40  Nydus Network  
  70  5:42  Roach x2  
  72  5:47  Zergling x6  
  72  5:50  Ravager  
  72  5:51  Ravager  
  72  5:52  Zergling x2  
  69  5:57  Roach  
  69  5:59  Roach x2  
  69  6:01  Overseer  
  65  6:04  Roach  
  65  6:09  Baneling  
  65  6:10  Roach  
  67  6:15  Roach x2  
  67  6:18  Ravager  
  69  6:20  Zergling x2  
  69  6:21  Zergling x4  
  71  6:26  Queen  
  71  6:29  Nydus Canal  
  73  6:35  Roach  
  73  6:38  Roach  
  77  6:41  Baneling  
  77  6:42  Baneling  
  77  6:51  Roach x4  
  80  7:02  Queen  
  75  7:10  Roach  
  75  7:15  Nydus Canal  
  70  7:25  Drone x4  
  70  7:27  Drone  
  63  7:33  Drone x2  
  59  7:41  Queen  
  61  7:49  Queen, Nydus Canal  
  63  7:53  Queen  
  65  8:01  Drone  
  65  8:02  Drone  
  65  8:04  Drone x3  
  65  8:05  Drone  
  71  8:12  Spore Crawler  
  70  8:15  Spore Crawler  
  70  8:16  Spore Crawler  
  70  8:17  Drone x2  
  70  8:21  Spore Crawler  
Show
View Real Time Build Order
Export as new Build Order

TRUE Zerg - Winner!

Build Orders: Hatch First, Zergling Baneling 

Get SALT Encoding   

  12  0:00  Drone  
  13  0:12  Overlord  
  13  0:16  Drone  
  14  0:30  Drone x2  
  14  0:33  Drone  
  17  0:52  Hatchery  
  17  0:55  Drone  
  17  0:57  Drone  
  18  1:04  Extractor  
  18  1:06  Drone  
  18  1:18  Spawning Pool  
  18  1:19  Drone  
  18  1:27  Drone  
  19  1:38  Overlord  
  19  1:49  Drone  
  20  1:59  Drone  
  21  2:04  Queen, Drone  
  21  2:05  Queen  
  21  2:06  Metabolic Boost  
  26  2:10  Drone  
  26  2:14  Drone  
  28  2:22  Drone  
  29  2:25  Drone  
  30  2:32  Zergling x2  
  31  2:42  Hatchery  
  30  2:45  Baneling Nest  
  30  2:46  Drone  
  30  2:48  Drone  
  30  2:50  Drone  
  32  2:55  Overlord  
  32  2:59  Drone  
  32  3:04  Zergling x2  
  34  3:08  Queen  
  36  3:18  Zergling x4  
  36  3:19  Drone x3  
  41  3:22  Zergling x2  
  41  3:23  Drone  
  41  3:25  Drone  
  44  3:33  Overlord  
  44  3:40  Overlord  
  44  3:48  Overlord  
  44  3:52  Drone x6  
  44  3:54  Drone x2  
  52  3:58  Lair  
  52  4:04  Baneling x2  
  52  4:09  Extractor  
  51  4:15  Roach Warren, Zergling x10  
  55  4:17  Baneling x2  
  54  4:31  Zergling x12  
  54  4:32  Zergling x4  
  54  4:33  Zergling x2  
  63  4:40  Baneling x4, Zergling x4  
  65  4:48  Drone x3  
  65  5:04  Zergling x20  
  65  5:07  Baneling, Zergling x2  
  70  5:10  Zergling x2  
  72  5:14  Spire  
  72  5:15  Zergling x2  
  72  5:17  Baneling  
  72  5:18  Zergling x2  
  72  5:21  Zergling x2  
  72  5:26  Zergling x2  
  72  5:27  Zergling x2  
  68  5:31  Zergling x2  
  67  5:38  Zergling x4  
  67  5:41  Zergling x4  
  67  5:42  Zergling x4  
  71  5:43  Zergling x4  
  71  5:44  Extractor, Zergling x2  
  71  5:45  Zergling x2  
  71  5:47  Extractor  
  71  5:48  Zergling x2  
  71  5:49  Zergling x2  
  72  5:50  Zergling x4  
  72  5:56  Zergling x2  
  73  6:04  Zergling x4  
  72  6:10  Zergling x4  
  74  6:13  Overlord  
  68  6:24  Overlord  
  65  6:26  Mutalisk  
  65  6:27  Mutalisk x3  
  65  6:29  Drone  
  65  6:30  Overlord  
  65  6:31  Mutalisk, Overlord  
  75  6:40  Zergling x4, Spine Crawler  
  75  6:41  Zergling x4  
  75  6:42  Mutalisk  
  75  6:44  Zergling x2  
  81  6:51  Mutalisk  
  73  6:58  Mutalisk  
  73  6:59  Zergling x12  
  73  7:08  Zergling x4  
  67  7:09  Zergling x2  
  65  7:16  Mutalisk  
  60  7:26  Zergling x8  
  60  7:27  Zergling x2  
  60  7:29  Unknown x2  
  63  7:35  Drone  
  63  7:36  Drone x2  
  65  7:37  Drone  
  65  7:39  Drone  
  65  7:44  Mutalisk  
  69  7:52  Mutalisk  
  69  7:58  Zergling x6  
  74  8:08  Mutalisk  
  74  8:11  Drone  
  79  8:13  Drone  
  79  8:14  Drone  
Tags
 
Add a new tag
Caveats
  • Supply blocks, unpowered buildings, or Contaminate may cause inaccurate times.
  • Supply counts are checked every 10 seconds.